 Dungeon Crawl Stone Soup version 0.19.4-8-ga85b6b9 (webtiles) character file.

3749 Iskender the Grappler (level 10, 0/83 HPs)
             Began as a Ghoul Wanderer on Feb 7, 2017.
             Was a Believer of Yredelemnul.
             Slain by a killer bee (8 damage)
             ... on level 11 of the Dungeon.
             The game lasted 00:56:48 (8098 turns).

Iskender the Grappler (Ghoul Wanderer)              Turns: 8098, Time: 00:56:50

Health: 0/83       AC:  5    Str: 17    XL:     10   Next: 15%
Magic:  13/13      EV: 11    Int:  6    God:    Yredelemnul [**....]
Gold:   399        SH:  0    Dex: 12    Spells: 1 memorised, 13 levels left

rFire  + . .     SeeInvis .       - Unarmed
rCold  + . .     Gourm    .     q - +1 leather armour {rF+}
rNeg   + + +     Faith    .     (no shield)
rPois  ∞         Spirit   .     (no helmet)
rElec  .         Reflect  .     (no cloak)
rCorr  .         Harm     .     (no gloves)
MR     .....                    y - +0 pair of boots
Stlth  +.........               D - amulet of regeneration
                                (no ring)
                                p - ring of wizardry

@: about to teleport, rotting
A: rotting body, claws 1, carnivore 3, cold resistance 1, negative energy
resistance 3, slow regeneration 1, torment resistance, unbreathing
a: Animate Remains, Recall Undead Slaves, Injury Mirror, Renounce Religion


You were on level 11 of the Dungeon.
You worshipped Yredelemnul.
Yredelemnul was pleased with you.
You were not hungry.

You visited 2 branches of the dungeon, and saw 12 of its levels.
You also visited: Sewer.

You collected 399 gold pieces.

Inventory:

Hand Weapons
 b - a +0 hunting sling
 A - the +7 short sword of Wisdom {pierce, Str+4 Int+2}
   (You found it on level 4 of the Dungeon)

   It inflicts extra damage upon your enemies.
   It affects your strength (+4).
   It affects your intelligence (+2).
 K - a +0 dagger of venom
 O - a +5 dire flail of draining
Missiles
 a - 6 tomahawks of returning
 g - 185 stones (quivered)
 r - 48 poisoned needles
 G - a throwing net
 N - 45 sling bullets
 P - a tomahawk of dispersal
Armour
 q - a +1 leather armour of fire resistance (worn)
 x - a +0 shield
 y - a +0 pair of boots (worn)
Jewellery
 p - a ring of wizardry (left claw)
 s - an uncursed amulet of magic regeneration
 D - an amulet of regeneration (around neck)
Wands
 h - a wand of disintegration (13/24)
 I - a wand of confusion (26/48)
 M - a wand of slowing (1/48)
Scrolls
 c - 2 scrolls of blinking {unknown}
 j - a scroll of random uselessness {unknown}
 l - 4 scrolls of magic mapping
 m - a scroll of enchant weapon {unknown}
 o - 2 scrolls of recharging
 u - 3 scrolls of teleportation
 C - 2 scrolls of amnesia
 H - a scroll of identify
 Q - 2 scrolls of remove curse
 T - a scroll of enchant armour {unknown}
Potions
 e - a potion of degeneration {unknown}
 k - 5 potions of brilliance
 t - a potion of experience {unknown}
 w - a potion of heal wounds {unknown}
 B - a potion of haste {unknown}
 E - a potion of agility
 F - a potion of beneficial mutation {unknown}
 R - a potion of invisibility {unknown}
 U - a potion of might {unknown}
Books
 v - the Catalogue of the Catfish

   Spells                             Type                      Level
   a - Sandblast                      Earth                        1
   b - Stone Arrow                    Conjuration/Earth            3
 S - a book of Maledictions

   Spells                             Type                      Level
   a - Corona                         Hexes                        1
   b - Ensorcelled Hibernation        Hexes/Ice                    2
   c - Confuse                        Hexes                        3
   d - Tukima's Dance                 Hexes                        3
   e - Dazzling Spray                 Conjuration/Hexes            3
Comestibles
 d - 7 royal jellies
 f - 5 meat rations
 z - 4 chunks of flesh


   Skills:
 + Level 6.0 Fighting
 - Level 1.7 Armour
 - Level 1.0 Shields
 - Level 13.1 Unarmed Combat
 - Level 2.6 Spellcasting
   Level 1.0 Conjurations
   Level 1.0 Summonings
 - Level 4.3 Invocations
 - Level 1.0 Evocations


You had 13 spell levels left.
You knew the following spells:

 Your Spells              Type           Power        Failure   Level  Hunger
a - Sandblast             Erth           #.....       22%         1    ##.....


Dungeon Overview and Level Annotations

Branches:
Dungeon (12/15)            Temple (1/1) D:7
   Lair: D:8-11         Orc: D:9-12

Altars:
Ashenzari
Cheibriados
Dithmenos
Elyvilon
Fedhas
Gozag
Hepliaklqana
Kikubaaqudgha
Makhleb
Nemelex Xobeh
Okawaru
Qazlal
Ru
Sif Muna
Trog
Uskayaw
Vehumet
Xom
Yredelemnul
Zin
The Shining One

Annotations:
D:4 baghtru's ghost, novice HOFi
D:5 Grinder
D:12 Erolcha


Innate Abilities, Weirdness & Mutations

Your body is rotting away.
You thrive on raw meat.
You are immune to poison.
You have sharp fingernails.
You are carnivorous and can eat meat at any time.
Your flesh is cold resistant. (rC+)
You are immune to negative energy. (rN+++)
You regenerate slowly when monsters are visible.
You are immune to unholy pain and torment.
You can survive without breathing.


Message History

The killer bee stings you.
* * * LOW HITPOINT WARNING * * *
The killer bee closely misses you.
The killer bee stings you but does no damage.
You feel better. The killer bee barely misses you.
The killer bee stings you but does no damage.
The killer bee stings you.
* * * LOW HITPOINT WARNING * * *
The killer bee stings you.
* * * LOW HITPOINT WARNING * * *
The killer bee stings you but does no damage.
The killer bee barely misses you.
An orc comes into view. It is wielding a short sword of venom.
You feel better.
The killer bee stings you but does no damage.
The killer bee barely misses you. The killer bee stings you.
* * * LOW HITPOINT WARNING * * *
The killer bee closely misses you. The killer bee stings you!
You die...
Yredelemnul claims you as an undead slave.

#.......#
#.<.....#
#.......+
#.......#
#...?...#
##.#.......#
#..o..yyy..##.#
#@.......
#.oy.......#
######.#####
... ###


You could see 4 killer bees and 2 orcs.

Vanquished Creatures
  A centaur skeleton (D:7)
  A hornet (D:8)
  Sigmund (D:2)
  Edmund (D:5)
  A water moccasin (D:8)
  A sky beast (D:9)
  3 ice beasts
  A phantom (D:8)
  Purgy (Sewer)
  2 orc warriors
  An ogre (D:5)
  A centaur (D:5)
  2 bullfrogs
  2 scorpions
  9 killer bees (D:8)
  5 wights (D:8)
  2 howler monkeys (D:6)
  2 crimson imps
  A centaur zombie (D:7)
  8 orc priests
  A bullfrog zombie (D:8)
  A jelly (D:8)
  An orc wizard (D:4)
  2 hounds (D:4)
  An iguana (D:5)
  5 worker ants
  A hound skeleton (D:5)
  Robin (D:3)
  4 gnolls (D:3)
  7 adders
  A river rat (D:3)
  A shadow imp (D:5)
  2 oozes (D:3)
  An adder zombie (D:5)
  2 adder skeletons
  5 worms
  2 dart slugs
  2 leopard geckos
  22 orcs
  5 giant cockroaches
  19 goblins
  9 hobgoblins
  10 jackals
  2 quokkas
  2 ball pythons
  6 bats
  10 frilled lizards
  3 kobolds
  11 rats
  2 butterflies (D:8)
187 creatures vanquished.

Vanquished Creatures (collateral kills)
  A queen bee (D:8)
  2 killer bees (D:8)
  An adder (D:8)
  A howler monkey skeleton (D:7)
  2 orcs
7 creatures vanquished.

Vanquished Creatures (others)
  A human (D:5)
  A killer bee (D:8)
  3 killer bee zombies (D:8)
  A howler monkey zombie (D:6)
  An adder zombie (D:7)
  2 orc zombies
9 creatures vanquished.

Grand Total: 203 creatures vanquished

Notes
Turn   | Place    | Note
-------+----------+-------------------------------------------
     0 | D:1      | Iskender the Ghoul Wanderer began the quest for the Orb.
     0 | D:1      | Iskender set off with: a wand of confusion (15/48), the Catalogue of the Catfish, a +0 spear, a +0 robe, a meat ration
     0 | D:1      | Reached XP level 1. HP: 16/16 MP: 3/3
     2 | D:1      | Identified the Catalogue of the Catfish
    26 | D:1      | Learned a level 1 spell: Sandblast
   235 | D:1      | Reached skill level 1 in Unarmed Combat
   301 | D:1      | Reached XP level 2. HP: 22/23 MP: 4/4
   626 | D:1      | Reached skill level 2 in Unarmed Combat
   935 | D:2      | Found a glowing golden altar of the Shining One.
   998 | D:2      | Noticed Sigmund
  1140 | D:2      | Reached skill level 3 in Unarmed Combat
  1140 | D:2      | Reached XP level 3. HP: 18/28 MP: 6/6
  1450 | D:3      | Found a glowing drain.
  1486 | D:3      | Reached XP level 4. HP: 23/34 MP: 7/7
  1491 | D:3      | Reached skill level 4 in Unarmed Combat
  1521 | Sewer    | Entered a sewer
  1587 | Sewer    | Noticed Purgy
  1595 | Sewer    | Killed Purgy
  1595 | Sewer    | Reached skill level 5 in Unarmed Combat
  1595 | Sewer    | Reached XP level 5. HP: 24/40 MP: 8/8
  1644 | Sewer    | Noticed DragonMASH's ghost (amateur DrFE)
  1779 | D:3      | Found a deep blue altar of Sif Muna.
  1949 | D:3      | Noticed Robin
  1992 | D:3      | Killed Robin
  2029 | D:3      | Found a basalt altar of Yredelemnul.
  2039 | D:3      | Became a worshipper of Yredelemnul the Dark
  2111 | D:3      | Found a bloodstained altar of Trog.
  2142 | D:3      | Reached skill level 6 in Unarmed Combat
  2150 | D:3      | Reached XP level 6. HP: 23/47 MP: 9/9
  2259 | D:4      | Noticed baghtru's ghost (novice HOFi)
  2845 | D:4      | Reached skill level 7 in Unarmed Combat
  3076 | D:4      | Got a translucent short sword
  3235 | D:5      | Entered Level 5 of the Dungeon
  3260 | D:5      | Reached XP level 7. HP: 16/52 MP: 10/10
  3427 | D:5      | Noticed Edmund
  3437 | D:5      | Killed Edmund
  3437 | D:5      | Reached skill level 8 in Unarmed Combat
  3492 | D:5      | Reached skill level 1 in Invocations
  3525 | D:5      | Noticed Grinder
  3609 | D:6      | Identified the +7 short sword of Wisdom {pierce, Str+4 Int+2} (You found it on level 4 of the Dungeon)
  3777 | D:6      | Reached * piety under Yredelemnul
  3808 | D:6      | Found a shattered altar of Ashenzari.
  4252 | D:7      | Found a hazy altar of Hepliaklqana.
  4274 | D:7      | Found a hide-covered altar of Uskayaw.
  4529 | D:7      | Reached skill level 9 in Unarmed Combat
  4529 | D:7      | Reached XP level 8. HP: 25/58 MP: 11/11
  4582 | D:7      | Found an opulent altar of Gozag.
  4601 | D:7      | Reached skill level 10 in Unarmed Combat
  4646 | D:7      | Found a staircase to the Ecumenical Temple.
  4673 | Temple   | Entered the Ecumenical Temple
  5583 | D:5      | Found an ancient bone altar of Kikubaaqudgha.
  5602 | D:5      | Reached skill level 11 in Unarmed Combat
  6083 | D:2      | Reached XP level 9. HP: 57/64 MP: 12/12
  6207 | D:2      | Killed Sigmund
  6555 | D:6      | Reached skill level 12 in Unarmed Combat
  6809 | D:8      | Reached ** piety under Yredelemnul
  7064 | D:8      | Noticed a queen bee
  7134 | D:8      | Found a shimmering altar of Xom.
  7209 | D:8      | Reached skill level 13 in Unarmed Combat
  7294 | D:8      | Killed a queen bee
  7590 | D:8      | Noticed a hornet
  7596 | D:8      | Reached XP level 10. HP: 72/80 MP: 13/13
  7626 | D:8      | Reached skill level 5 in Fighting
  7673 | D:8      | Found a white marble altar of Elyvilon.
  7673 | D:8      | Found a glowing silver altar of Zin.
  7674 | D:8      | Found an ancient bone altar of Kikubaaqudgha.
  7674 | D:8      | Found a sparkling altar of Nemelex Xobeh.
  8055 | D:9      | You fall through a shaft for 3 floors!
  8055 | D:12     | Noticed Erolcha
  8055 | D:12     | Noticed a hill giant
  8096 | D:11     | HP: 3/83 [killer bee (4)]
  8098 | D:11     | Slain by a killer bee

Skill      XL: |  1  2  3  4  5  6  7  8  9 10 |
---------------+-------------------------------+-----
Unarmed Combat | 1 3 5 6 7 9 11 13 | 13.1
Invocations    | 2 4 |  4.3
Fighting       | 4 6 |  6.0
Armour         | |  1.7
Shields        | |  1.0
Spellcasting   | |  2.6
Conjurations   | |  1.0
Summonings     | |  1.0
Evocations     | |  1.0

Action                   |  1- 3 |  4- 6 |  7- 9 | 10-12 || total
-------------------------+-------+-------+-------+-------++-------
Melee: Unarmed           |   158 |   214 |   372 |    59 ||   803
       Punch             |       |     2 |    13 |     5 ||    20
       Short sword       |       |       |     3 |       ||     3
 Fire: Hunting sling     |       |       |     9 |       ||     9
Throw: Stone             |     1 |     3 |       |     1 ||     5
 Cast: Sandblast         |     2 |       |       |       ||     2
Invok: Animate Remains   |       |       |    10 |     3 ||    13
       Recall Undead Sla |       |       |       |     3 ||     3
Evoke: Wand              |       |     4 |     8 |    10 ||    22
  Use: Scroll            |     3 |     4 |     3 |     5 ||    15
       Potion            |       |       |     6 |     2 ||     8
 Stab: Confused          |       |       |     1 |     1 ||     2
  Eat: Chunk             |     7 |    22 |    43 |     6 ||    78
       Royal jelly       |       |       |     1 |       ||     1
       Beef jerky        |       |       |     1 |       ||     1
Armor: Scale mail        |    54 |    64 |       |       ||   118
       Robe              |     2 |       |       |       ||     2
       Ring mail         |       |     4 |    58 |       ||    62
       Leather armour    |       |       |    15 |    13 ||    28
Dodge: Dodged            |    72 |    65 |   150 |    22 ||   309
